 Dungeon Crawl Stone Soup version 0.19-a0-139-gefc6d61 (webtiles) character file.

7378 Kidiri the Nimble (level 10, -7/68 HPs)
             Began as a High Elf Fire Elementalist on May 17, 2016.
             Was an Elder of Vehumet.
             Mangled by Urug
             ... wielding a +0 long sword
              (15 damage)
             ... on level 10 of the Dungeon.
             The game lasted 00:40:27 (14687 turns).

Kidiri the Nimble (High Elf Fire Elementalist)     Turns: 14687, Time: 00:40:27

Health: -7/68      AC: 10    Str:  7    XL:     10   Next: 92%
Magic:  18/23      EV: 18    Int: 34    God:    Vehumet [****..]
Gold:   457        SH:  0    Dex: 14    Spells: 9 memorised, 1 level left

rFire  . . .     SeeInvis +     t - +2 dagger (venom)
rCold  . . .     Gourm    .     P - +3 leather armour "Oficisy" {rF- Int+2 SInv}
rNeg   . . .     Faith    .     (no shield)
rPois  .         Spirit   .     (helmet restricted)
rElec  .         Dismiss  +     h - +0 cloak
rCorr  .         Reflect  .     s - +1 pair of gloves
SustAt .         Harm     .     (no boots)
MR     +....                    p - amulet of dismissal
Stlth  ++........               n - +5 ring of intelligence
                                N - +4 ring of intelligence

@: somewhat resistant to hostile enchantments, unstealthy
A: horns 1, talons 1, repulsion field 1, blurry vision 1, clumsy 1, fire
resistance 1, screaming 1, evolution 1
a: Renounce Religion


You were on level 10 of the Dungeon.
You worshipped Vehumet.
Vehumet was greatly pleased with you.
You were not hungry.

You visited 2 branches of the dungeon, and saw 11 of its levels.
You also visited: Ossuary.

You collected 457 gold pieces.

Inventory:

Hand Weapons
 r - a +1 spear of freezing
 t - a +2 dagger of venom (weapon)
 A - the +1 mace of the Grave {flame, Dex+3}
   (You found it on level 6 of the Dungeon)

   It has been specially enchanted to burn those struck by it, causing extra
   injury to most foes and up to half again as much damage against particularly
   susceptible opponents.
   It affects your dexterity (+3).
Missiles
 q - a throwing net (quivered)
Armour
 h - a +0 cloak (worn)
 s - a +1 pair of gloves (worn)
 z - a +2 robe of fire resistance
 B - a +1 helmet
 P - the +3 leather armour "Oficisy" (worn) {rF- Int+2 SInv}
   (You found it on level 10 of the Dungeon)

   It affects your intelligence (+2).
   It makes you vulnerable to fire.
   It lets you see invisible.
 R - a +2 shield
Jewellery
 n - a +5 ring of intelligence (right hand)
 p - an amulet of dismissal (around neck)
 u - an uncursed ring of stealth
 w - an uncursed ring of stealth
 J - an uncursed ring of protection from fire
 L - a +1 ring of protection
 N - a +4 ring of intelligence (left hand)
Wands
 o - a wand of iceblast (6/15)
 x - a wand of digging (1/24)
 I - a wand of flame (6/48)
 M - a wand of lightning (6/15)
Scrolls
 f - 4 scrolls of teleportation
 i - a scroll of blinking
 k - 4 scrolls of fog
 C - 3 scrolls of remove curse
 D - 4 scrolls of amnesia
 Q - a scroll of enchant weapon {unknown}
Potions
 e - 3 potions of flight
 g - 2 potions of cancellation
 j - a potion of invisibility
 l - 5 potions of agility
 m - 4 potions of degeneration {unknown}
 v - 2 potions of lignification
 E - a potion of beneficial mutation {unknown}
 F - 2 potions of might {unknown}
 H - 3 potions of magic {unknown}
Books
 b - a book of Flames

   Spells                             Type                      Level
   a - Flame Tongue                   Conjuration/Fire             1
   b - Throw Flame                    Conjuration/Fire             2
   c - Conjure Flame                  Conjuration/Fire             3
   d - Inner Flame                    Hexes/Fire                   3
   e - Sticky Flame                   Conjuration/Fire             4
   f - Fireball                       Conjuration/Fire             5
 y - a book of Geomancy

   Spells                             Type                      Level
   a - Sandblast                      Earth                        1
   b - Passwall                       Transmutation/Earth          2
   c - Stone Arrow                    Conjuration/Earth            3
   d - Petrify                        Transmutation/Earth          4
   e - Lee's Rapid Deconstruction     Earth                        5
 G - the Tome of Attacks
   (You found it on level 7 of the Dungeon)

   Spells                             Type                      Level
   a - Sting                          Conjuration/Poison           1
   b - Flame Tongue                   Conjuration/Fire             1
   c - Searing Ray                    Conjuration                  2
   d - Mephitic Cloud                 Conjuration/Poison/Air       3
   e - Force Lance                    Conjuration/Translocation    4
 K - a book of Air

   Spells                             Type                      Level
   a - Shock                          Conjuration/Air              1
   b - Swiftness                      Charms/Air                   2
   c - Repel Missiles                 Charms/Air                   2
   d - Static Discharge               Conjuration/Air              3
   e - Lightning Bolt                 Conjuration/Air              5
Comestibles
 c - 4 bread rations
 d - 3 meat rations
 O - 3 chunks of flesh


   Skills:
 + Level 5.8 Fighting
 + Level 5.0 Armour
 * Level 8.9 Dodging
 - Level 2.1 Stealth
 + Level 0.0 Shields
 * Level 8.6 Spellcasting
 + Level 6.3 Conjurations
 + Level 5.0 Hexes
 + Level 6.3 Fire Magic
 + Level 2.0 Air Magic
 + Level 1.0 Poison Magic


You had one spell level left.
You knew the following spells:

 Your Spells              Type           Power        Failure   Level  Hunger
a - Flame Tongue          Conj/Fire      #####        1%          1    None
b - Throw Flame           Conj/Fire      ######       1%          2    None
c - Conjure Flame         Conj/Fire      ######..     1%          3    None
d - Inner Flame           Hex/Fire       ######..     1%          3    None
e - Sticky Flame          Conj/Fire      ######..     1%          4    None
f - Fireball              Conj/Fire      ######....   3%          5    ###....
g - Searing Ray           Conj           ######       1%          2    None
h - Airstrike             Air            ####......   5%          4    None
i - Sting                 Conj/Pois      ####         1%          1    None


Dungeon Overview and Level Annotations

Branches:
Dungeon (10/15)            Temple (1/1) D:4            Lair (0/8) D:8
    Orc (0/2) D:9

Altars:
Ashenzari
Cheibriados
Dithmenos
Elyvilon
Fedhas
Gozag
Kikubaaqudgha
Makhleb
Nemelex Xobeh
Okawaru
Pakellas
Qazlal
Ru
Sif Muna
Trog
Vehumet
Xom
Yredelemnul
Zin
The Shining One

Shops:
D:6 (   D:10 *

Annotations:
D:8 exclusion: obsidian statue
D:10 Urug


Innate Abilities, Weirdness & Mutations

You have a pair of small horns on your head.
You have sharp toenails.
You are surrounded by a mild repulsion field (EV +2).
Scrolls take you a little longer to read.
You are clumsy. (Dex -2)
Your flesh is heat resistant.
You occasionally shout uncontrollably at your foes.
You evolve.


Message History

Read which item? (? for menu, Esc to quit)
Okay, then.
Unknown command.
Drink which item? (? for menu, Esc to quit)
You feel better.
Urug burns!
Urug completely misses you.
Unknown command.
Drink which item? (? for menu, Esc to quit)
You feel better.
Urug burns!
Urug hits you with a long sword!!
* * * LOW HITPOINT WARNING * * *
Unknown command.
Evoke which item? (* to show all) (? for menu, Esc to quit)
Okay, then.
Unknown command.
Unknown command.
Read which item? (? for menu, Esc to quit)
Really read with blurry vision while enemies are nearby?
You begin reading the scroll.
You continue reading the scroll.
Urug burns!
Urug stops burning.
The crimson imp completely misses you. Urug hits you with a long sword!
You die...

...# ##..........
...# ##......## ...#
#...#### ..## ##.##
..# #..## .## #...##
## #..#....# #
.........#######
.......#..(@o..#####
..........(.5.......
#<..).(..###########
#.>......#
###.....## ###...
#..# #..


You could see Urug and a crimson imp.

Vanquished Creatures
  Pikel (D:8)
  An ice statue (D:8)
  2 trolls
  Prince Ribbit (D:9)
  A boulder beetle (D:9)
  Sigmund (D:4)
  3 yaks (D:9)
  2 hungry ghosts
  3 wargs
  3 orc warriors
  2 sky beasts
  3 ice beasts
  2 phantoms (D:5)
  A necrophage (D:8)
  2 ogres
  4 centaurs
  A crocodile (D:9)
  A big kobold (D:9)
  5 giant frogs
  A wyvern zombie (D:10)
  A scorpion (D:6)
  12 killer bees
  5 wights (D:10)
  2 howler monkeys (D:10)
  5 crimson imps
  2 jellies
  4 orc priests
  A giant frog skeleton (D:5)
  5 hounds
  Crazy Yiuf (D:3)
  3 orc wizards
  3 iguanas
  11 worker ants
  A killer bee zombie (D:7)
  5 big kobold zombies (Ossuary)
  A hound zombie (D:6)
  3 mummies
  A worker ant zombie (D:9)
  9 adders
  20 gnolls
  2 shadow imps
  A white imp (D:9)
  An ooze (D:2)
  3 adder skeletons
  4 adder zombies
  A worm (D:3)
  2 dart slugs (D:2)
  11 giant geckos
  30 orcs
  8 giant cockroaches
  2 gnoll zombies (Ossuary)
  11 goblins
  12 hobgoblins
  4 jackals (D:9)
  13 kobolds
  3 quokkas
  2 ball pythons
  9 bats
  A giant gecko zombie (D:8)
  4 giant newts
  8 hobgoblin zombies
  8 kobold zombies
  5 orc zombies (Ossuary)
  A quokka skeleton (D:5)
  10 rats
291 creatures vanquished.

Vanquished Creatures (others)
  4 slaves (D:8)
  An adder (D:8)
5 creatures vanquished.

Grand Total: 296 creatures vanquished

Notes
Turn   | Place    | Note
--------------------------------------------------------------
     0 | D:1      | Kidiri the High Elf Fire Elementalist began the quest for the Orb.
     0 | D:1      | Reached XP level 1. HP: 11/11 MP: 4/4
   179 | D:1      | Reached XP level 2. HP: 10/18 MP: 0/6
   183 | D:1      | Learned a level 2 spell: Throw Flame
   596 | D:1      | Reached skill level 1 in Fighting
   773 | D:1      | Reached XP level 3. HP: 23/23 MP: 2/8
   778 | D:1      | Learned a level 3 spell: Conjure Flame
  1683 | D:2      | Reached XP level 4. HP: 28/28 MP: 5/9
  1688 | D:2      | Learned a level 3 spell: Inner Flame
  2395 | D:3      | Reached XP level 5. HP: 30/34 MP: 5/11
  2784 | D:3      | Reached skill level 1 in Hexes
  3027 | D:3      | Noticed Crazy Yiuf
  3058 | D:3      | Killed Crazy Yiuf
  3247 | D:3      | Reached XP level 6. HP: 40/40 MP: 0/12
  3777 | D:4      | Reached skill level 1 in Armour
  3882 | D:4      | Found a sacrificial altar of Ru.
  4261 | D:4      | Noticed Sigmund
  4459 | D:4      | Found a staircase to the Ecumenical Temple.
  4524 | D:4      | Found an oddly glowing altar of Pakellas.
  4579 | Temple   | Entered the Ecumenical Temple
  4977 | Temple   | Became a worshipper of Vehumet
  5184 | D:4      | Killed Sigmund
  5184 | D:4      | Reached XP level 7. HP: 27/45 MP: 6/14
  5371 | D:4      | Gained mutation: You are frail (-10% HP). [potion of mutation]
  5371 | D:4      | Gained mutation: You are weak. (Str -2) [potion of mutation]
  5371 | D:4      | Gained mutation: You have a pair of small horns on your head. [potion of mutation]
  5621 | D:3      | Learned a level 4 spell: Sticky Flame
  5642 | D:5      | Entered Level 5 of the Dungeon
  6337 | D:5      | Lost mutation: You have a pair of small horns on your head. [potion of cure mutation]
  6337 | D:5      | Lost mutation: You are frail (-10% HP). [potion of cure mutation]
  6337 | D:5      | Lost mutation: You are weak. (Str -2) [potion of cure mutation]
  6526 | D:5      | Reached skill level 5 in Dodging
  6579 | D:5      | Reached skill level 5 in Spellcasting
  6579 | D:5      | Reached XP level 8. HP: 45/52 MP: 2/16
  6806 | D:5      | Reached * piety under Vehumet
  6806 | D:5      | Offered knowledge of Magic Dart by Vehumet.
  6921 | D:6      | Found Vaitzu's Weapon Shop.
  7017 | D:6      | Got an iridescent mace
  7018 | D:6      | Identified the +1 mace of the Grave {flame, Dex+3} (You found it on level 6 of the Dungeon)
  7025 | D:6      | Found an iron altar of Okawaru.
  7379 | D:6      | Found a sand-covered staircase.
  7388 | Ossuary  | Entered an ossuary
  7519 | Ossuary  | Learned a level 5 spell: Fireball
  7522 | Ossuary  | Reached ** piety under Vehumet
  7522 | Ossuary  | Offered knowledge of Freeze by Vehumet.
  8630 | Ossuary  | Offered knowledge of Searing Ray by Vehumet.
  8630 | Ossuary  | Reached skill level 5 in Fire Magic
  8842 | Ossuary  | Gained mutation: You occasionally shout uncontrollably at your foes. [potion of mutation]
  8842 | Ossuary  | Gained mutation: You are clumsy. (Dex -2) [potion of mutation]
  8842 | Ossuary  | Gained mutation: Your flesh is heat resistant. [potion of mutation]
  9405 | D:6      | Reached XP level 9. HP: 50/58 MP: 19/19
  9709 | D:7      | Identified the Tome of Attacks
  9724 | D:7      | Reached *** piety under Vehumet
  9733 | D:7      | Learned a level 2 spell: Searing Ray
  9829 | D:7      | Found a white marble altar of Elyvilon.
  9839 | D:7      | Found a basalt altar of Yredelemnul.
  9840 | D:7      | Found an oddly glowing altar of Pakellas.
  9840 | D:7      | Found a glowing golden altar of the Shining One.
  9840 | D:7      | Found an opulent altar of Gozag.
  9846 | D:7      | Found a bloodstained altar of Trog.
  9848 | D:7      | Found a shattered altar of Ashenzari.
 10014 | D:8      | Gained mutation: You have a pair of small horns on your head. [mutagenic meat]
 10015 | D:8      | Gained mutation: Your muscles are strong. (Str +2) [mutagenic meat]
 10016 | D:8      | Gained mutation: You evolve. [mutagenic meat]
 10036 | D:8      | Reached skill level 5 in Conjurations
 10125 | D:8      | Offered knowledge of Airstrike by Vehumet.
 10161 | D:8      | Found a staircase to the Lair.
 10175 | D:8      | Noticed an obsidian statue
 10808 | D:8      | Noticed Pikel
 10827 | D:8      | Killed Pikel
 10935 | D:8      | Noticed a troll
 11093 | D:8      | Reached XP level 10. HP: 60/64 MP: 19/22
 11124 | D:8      | Noticed an ice statue
 11135 | D:8      | HP: 3/64 [ice statue/bolt of cold (20)]
 11143 | D:8      | Killed an ice statue
 11143 | D:8      | Reached skill level 5 in Fighting
 11604 | D:8      | Noticed a sun demon
 11606 | D:8      | Noticed a rust devil
 11840 | D:8      | Learned a level 4 spell: Airstrike
 11990 | D:9      | Reached skill level 1 in Air Magic
 12260 | D:9      | Gained mutation: You have sharp toenails. [potion of mutation]
 12260 | D:9      | Gained mutation: You are surrounded by a mild repulsion field (EV +2). [potion of mutation]
 12261 | D:9      | Gained mutation: Scrolls take you a little longer to read. [potion of mutation]
 12364 | D:9      | Found a deep blue altar of Sif Muna.
 12364 | D:9      | Found an iron altar of Okawaru.
 12379 | D:9      | Noticed Prince Ribbit
 12379 | D:9      | Found a staircase to the Orcish Mines.
 12393 | D:9      | Killed Prince Ribbit
 13027 | D:9      | Lost mutation: Your muscles are strong. (Str +2) [evolution]
 13392 | D:9      | Learned a level 1 spell: Sting
 13469 | D:9      | Found a shimmering altar of Xom.
 13470 | D:9      | Found a stormy altar of Qazlal.
 13980 | D:10     | Entered Level 10 of the Dungeon
 14081 | D:10     | Got a polished leather armour
 14092 | D:10     | Identified the +3 leather armour "Oficisy" {rF- Int+2 SInv} (You found it on level 10 of the Dungeon)
 14136 | D:10     | Reached **** piety under Vehumet
 14286 | D:10     | Identified a scroll of acquirement
 14304 | D:10     | Reached skill level 1 in Poison Magic
 14472 | D:10     | Reached skill level 5 in Armour
 14488 | D:10     | Found Napsys's Assorted Antiques.
 14547 | D:10     | Reached skill level 5 in Hexes
 14562 | D:10     | Offered knowledge of Bolt of Magma by Vehumet.
 14670 | D:10     | Noticed Urug
 14687 | D:10     | Mangled by Urug

Vault maps used:
D:1:      dpeg_arrival_boxes_within_box
D:3:      uniq_crazy_yiuf_cottage
D:4:      nicolae_ru_great_annihilating_truth, temple_green,
          johnstein_pakellas_dig, uniq_sigmund
D:5:      first_bread, minmay_lizard_king
D:6:      nicolae_ossuary_entry_giza, serial_shops, nicolae_shop_stone,
          okawaru_trees_2
D:7:      minitemple
D:8:      minmay_separated_statues, erik_lair_orcish_takeover, enter_bailey_2,
          minmay_misc_feat_ornament, uniq_pikel
D:9:      boulder_corridor_run, nicolae_overflow_hidden_temple,
          gammafunk_temple_overflow_wave, orc_0_dummy, minmay_fire_ice_demons,
          uniq_prince_ribbit1
D:10:     nicolae_whirlpool, serial_shops, nicolae_shop_statue_plus, uniq_urug
Temple:   hc_temple_tempest_star
Ossuary:  ossuary_tomb_2

Skill      XL: |  1  2  3  4  5  6  7  8  9 10 |
---------------+-------------------------------+-----
Fighting       | 1 2 3 4 5 |  5.8
Spellcasting   | 3 4 5 6 7 8 |  8.6
Dodging        | 3 4 5 6 7 8 |  8.9
Conjurations   | 2 3 4 5 6 |  6.3
Hexes          | 1 2 3 4 5 |  5.0
Armour         | 1 2 4 5 |  5.0
Fire Magic     | 4 5 6 |  6.3
Air Magic      | 2 |  2.0
Poison Magic   | 1 |  1.0
Stealth        | |  2.1

Action                   |  1- 3 |  4- 6 |  7- 9 | 10-12 || total
-------------------------+-------+-------+-------+-------++-------
Melee: Unarmed           |     2 |       |       |       ||     2
       Spear             |     3 |     5 |       |    16 ||    24
       Dagger            |     9 |    65 |    97 |    12 ||   183
       Mace              |       |       |   141 |    58 ||   199
       Headbutt          |       |       |     5 |    15 ||    20
       Kick              |       |       |       |    11 ||    11
 Cast: Flame Tongue      |    36 |    91 |   176 |    93 ||   396
       Throw Flame       |    14 |    21 |    23 |    18 ||    76
       Conjure Flame     |     1 |     1 |    10 |     2 ||    14
       Inner Flame       |       |     1 |     2 |     1 ||     4
       Sticky Flame      |       |       |    15 |    34 ||    49
       Fireball          |       |       |     3 |     5 ||     8
  Use: Scroll            |       |       |    18 |     7 ||    25
       Potion            |       |       |     4 |     7 ||    11
 Stab: Sleeping          |     3 |     2 |    12 |     1 ||    18
       Invisible         |       |     1 |       |       ||     1
       Paralysed         |       |     1 |       |       ||     1
  Eat: Chunk             |     3 |     8 |    12 |     3 ||    26
       Bread ration      |       |     1 |       |       ||     1
       Meat ration       |       |       |     3 |     1 ||     4
       Pizza             |       |       |     1 |       ||     1
       Fruit             |       |       |       |     4 ||     4
       Beef jerky        |       |       |       |     2 ||     2
Armor: Robe              |     3 |       |    73 |    23 ||    99
       Leather armour    |       |    21 |       |     5 ||    26
Dodge: Dodged            |    17 |    57 |   279 |   169 ||   522
